Zazza, neutral female human Tourist ----------- ------------- |[))@...).-# ##............| -------- --------------- |..f)m).)@|# # |...........|#######.......| |.....<.......| |[..)).)).|# ####|............#######|>......#########..............| -----------# # #-----.------- ##-......| |.............| # # # ------|- |.............| # # # --------------- # # # # # # ## ## ### #-----## # ###### -------- #|....## ----.---------# |......| #|...|# |............-####.......| #|...|# |............| # |......| #|...-# |............| ##.......| #....| |............| -------- ----- -.------------ Zazza the Rambler Experience level: 1 Strength: 7 Dexterity: 13 Constitution: 14 Intelligence: 13 Wisdom: 9 Charisma: 16 Health: 0(15) Energy: 2(2) Def: 11 Gold: 0 Moves: 688 Dungeon seed: poxipy1lCrffFMbb Game ID: Zazza_1574504194 Your Inventory: Weapons a - 30 +2 darts (in quiver) r - 11 +0 darts t - a cursed +0 orcish dagger u - 9 +0 darts v - a blessed +0 orcish dagger w - a +0 silver dagger (weapon in hand) x - a +0 dwarvish mattock Armor e - an uncursed +0 Hawaiian shirt (being worn) q - a blessed greased +2 silver dragon scale mail (being worn) Comestibles b - an uncursed tin of jackal meat c - 2 uncursed cream pies d - 5 uncursed food rations f - an uncursed candy bar g - an uncursed carrot h - 2 uncursed tripe rations p - an uncursed lichen corpse Scrolls k - 4 uncursed scrolls of magic mapping s - a blessed scroll of enchant armor Potions j - an uncursed potion of extra healing Tools l - an expensive camera (0:60) m - an uncursed credit card n - an uncursed tin opener o - an uncursed towel Spells and supernatural/magical abilities: Name Level Category Fail Memory W - pray for help -- divine ? -- Your skills at the end: Fighting Skills Weapon Skills dart [Basic] Spellcasting Skills Final Attributes: You were stridently aligned. You saw invisible. You had reflection. You are dead. Vanquished creatures: 2 foxes a kobold 3 sewer rats 2 grid bugs 2 lichens 10 creatures vanquished. Voluntary challenges: You went without food. You were an atheist. You never hit with a wielded weapon. You were illiterate. You never genocided any monsters. You never polymorphed an object. You never changed form. You used 1 wish, starting on turn 18. You did not wish for any artifacts. You never split a pudding. You never wrote Elbereth's name. You never violated your personal moral code. Dungeon overview: The Dungeons of Doom: levels 1 to 2 Level 1 a fountain a long staircase Level 2 <- You were here a weapon shop History has recorded: On T:1 you entered the Dungeons of Doom to retrieve the Amulet of Yendor! On T:18 you wished for "blessed greased +2 silver dragon scale mail". On T:297 you reached level 2 of The Dungeons of Doom. Score breakdown: Gold: 0 ( 0 points) Experience: 1 level ( 0 points) Exploration: 2 levels ( 4.08%) ( 4330 points) Discoveries: 0 items ( 0.00%) ( 0 points) Valuables value: (no points given unless you survive) Artifact value: 0 ( 0 points) Variety of kills: 5 monsters ( 1.31%) ( 3436 points) Turncount: 688 turns ( 0 points) Survival: died (score multiplied by 80%) Total score: 6212 Latest messages: Armand picks up 7 crossbow bolts. You feel much better. You miss the small mimic. The small mimic hits! You see here a curved sword (15 zorkmids). You see here 9 arrows (18 zorkmids). You miss the small mimic. Armand drops 7 crossbow bolts. You miss the small mimic. The small mimic hits! You stop. Armand is in the way! You see here a curved sword (15 zorkmids). Armand picks up 11 arrows. There are a few objects here. Armand drops 11 arrows. You see here 11 crossbow bolts (22 zorkmids). You are now wielding Lerignac's silver dagger. Lerignac says "You be careful with my silver dagger!" The small mimic hits! You die... Lerignac comes and takes all your possessions. Final status: Aloha Zazza the Tourist, killed by a small mimic... You died in The Dungeons of Doom on dungeon level 2 with 6212 points, and 0 pieces of gold, after 688 moves. You were level 1 with a maximum of 15 hit points when you died.